[Event "ESTCC-50 2025"]
[Site "Swidnica"]
[Date "2025.04.07"]
[Round "3.16"]
[White "Dishman, Stephen"]
[Black "Kilanski, Janusz"]
[Result "1-0"]
[Annotator "RC"]
[ECO "A39"]
[WhiteElo "2279"]
[BlackElo "1670"]
[PlyCount "76"]
[EventDate "2025.04.05"]
[EventType "team-tourn"]
[EventCountry "POL"]
[SourceTitle "playchess.com"]
[Source "ChessBase"]
[SourceQuality "1"]
[WhiteTeam "England"]
[BlackTeam "Poland"]
[WhiteTeamCountry "ENG"]
[BlackTeamCountry "POL"]
[TimeControl "40/5400+30:1800+30"]

1. Nf3 Nf6 2. c4 c5 3. g3 Nc6 4. Bg2 g6 5. O-O Bg7 6. Nc3 O-O 7. d4 cxd4 8. Nxd4 a6 9. Nc2 d6 10. b3 Qc7 11. Bb2 Rb8 12. a4 Be6 13. Rb1 Nd7 14. e4 Rfe8 15. Nd5 Qc8 16. Bxg7 Kxg7 17. Nce3 Nf8 18. b4 Bh3 19. a5 Bxg2 20. Kxg2 Ne6 21. Nb6 Qd8 22. f4 Nc7 23. f5 Ne5 24. Ng4 f6 25. Qe2 Rf8 26. Nxe5 fxe5 27. Qg4 Rf6 28. Rf3 e6 29. Rbf1 exf5 30. Rxf5 Rxf5 31. exf5 Qe8 32. fxg6 hxg6 33. Nd7 Rd8 34. Nf6 Qe6 35. Qg5 Rh8 36. h4 Qxc4 37. Nh5+ Rxh5 38. Qe7+ Kh6 1-0